 Dungeon Crawl Stone Soup version 0.18-a0-1126-ga2d7f46 (webtiles) character file.

1428 namelastname112 the Charlatan (level 8, 0/67 HPs)
             Began as a Black Draconian Artificer on Jan 20, 2016.
             Killed by divine providence
             ... invoked by an orc priest
              (17 damage)
             ... on level 6 of the Dungeon.
             The game lasted 00:14:16 (7128 turns).

namelastname112 the Charlatan (DrAr)                Turns: 7128, Time: 00:14:16

Health: 0/67       AC:  7    Str: 15    XL:     8   Next: 44%
Magic:  13/13      EV: 14    Int: 12    God:
Gold:   149        SH:  0    Dex: 13    Spells: 0 memorised, 7 levels left

rFire  . . .     SeeInvis .     D - +2 spear (pierce)
rCold  . . .     Gourm    .     (armour unavailable)
rNeg   + . .     Faith    .     (no shield)
rPois  .         Spirit   .     (helmet restricted)
rElec  +         Dismiss  .     (no cloak)
rCorr  .         Reflect  .     (no gloves)
SustAt +         Harm     +     e - +0 pair of boots
MR     .....                    y - amulet of harm
Stlth  +.........               u - ring of sustain attributes
                                p - ring of positive energy

@: short of breath, not resistant to hostile enchantments, very unstealthy
A: breathe lightning, unfitting armour, electricity resistance, cold-blooded, AC
+6
a: Breathe Lightning


You were on level 6 of the Dungeon.
You were not hungry.

You visited 2 branches of the dungeon, and saw 7 of its levels.
You also visited: Sewer and Ossuary.

You collected 317 gold pieces.
You spent 168 gold pieces at shops.

Inventory:

Hand Weapons
 D - a +2 spear of piercing (weapon)
Armour
 e - a +0 pair of boots (worn)
Jewellery
 p - a ring of positive energy (left hand)
 u - a ring of sustain attributes (right hand)
 y - an amulet of harm (around neck)
Wands
 b - a wand of flame (7/48)
 c - a wand of enslavement (5/24)
 d - a wand of random effects (15/48)
 C - a wand of slowing (9/48)
 E - a wand of slowing (10/48)
 G - a wand of disintegration (11/24)
Scrolls
 h - 3 scrolls of remove curse
 j - 2 scrolls of fog {unknown}
 q - 3 scrolls of magic mapping
 r - 6 scrolls of teleportation {unknown}
 v - 4 scrolls of blinking {unknown}
 w - a scroll of enchant armour {unknown}
 x - a scroll of immolation {unknown}
 A - 2 scrolls of recharging {unknown}
 F - a scroll of random uselessness {unknown}
 H - 4 scrolls of fear
 K - a scroll of vulnerability {unknown}
 O - 2 scrolls of identify
Potions
 a - a potion of haste
 i - 3 potions of flight
 k - a potion of resistance
 l - 5 potions of curing
 n - a potion of lignification
 o - 2 potions of brilliance
 s - a potion of agility
 z - 2 potions of might
 B - a potion of heal wounds
 I - 3 potions of invisibility {unknown}
 J - 2 potions of poison {unknown}
 M - 4 potions of cure mutation {unknown}
Books
 L - a book of Callings

   Spells                             Type                      Level
   a - Summon Small Mammal            Summoning                    1
   b - Call Imp                       Summoning                    2
   c - Call Canine Familiar           Summoning                    3
   d - Summon Guardian Golem          Hexes/Summoning              3
   e - Summon Lightning Spire         Summoning/Air                4
   f - Summon Ice Beast               Ice/Summoning                4
 N - a book of Changes

   Spells                             Type                      Level
   a - Beastly Appendage              Transmutation                1
   b - Sticks to Snakes               Transmutation                2
   c - Spider Form                    Transmutation/Poison         3
   d - Ice Form                       Ice/Transmutation            4
   e - Blade Hands                    Transmutation                5
Comestibles
 f - 3 bread rations
 g - 7 fruits
 m - 3 meat rations
 t - a slice of pizza
 P - 2 royal jellies
 Q - a chunk of flesh


   Skills:
 + Level 4.6 Fighting
   Level 1.0 Short Blades
 * Level 5.5 Polearms
 + Level 4.3 Dodging
 - Level 0.8 Stealth
 * Level 7.0 Evocations


You had 7 spell levels left.
You didn't know any spells.

Dungeon Overview and Level Annotations

Branches:
Dungeon (6/15)             Temple (1/1) D:4

Altars:
Ashenzari
Cheibriados
Dithmenos
Elyvilon
Gozag
Makhleb
Nemelex Xobeh
Okawaru
Qazlal
Ru
Sif Muna
Vehumet
Yredelemnul
Zin
The Shining One

Shops:
D:2 *   D:5 [((%=

Annotations:
D:4 Azzok's ghost, amateur DECj


Innate Abilities, Weirdness & Mutations

You can breathe wild blasts of lightning.
Your glossy black scales are hard (AC +6).
Your body does not fit into most forms of armour.
You are resistant to electric shocks.
You are cold-blooded and may be slowed by cold attacks.


Message History

You hit the orc.
You kill the orc!
Things that are here:
a club; an orc corpse
Things that are here:
a dagger; a robe
There is a basalt altar of Yredelemnul here.
You closely miss the orc.
You hear a distant slurping noise.
The orc hits you with a hand axe.
* * * LOW HITPOINT WARNING * * *
A jelly and an orc priest come into view.
The orc priest shouts!
You hit the orc but do no damage.
The orc priest miscasts a cantrip.
The orc misses you.
You hit the orc but do no damage.
The orc priest mumbles some strange prayers to Beogh against you.
Something smites you!
You die...

#.#^### #.....).......
#...).# #######.########
#.....###.......#
#......##.#####.# #......#
#.# #......# #.# # ###.##.#
#.# .# #.##.##.#####.###
#.##
####.....o.....o@).##[..###o
#...<.......####)#))J.......
#.#####.##.. #<#)##...###. #
..... #)))....## ....
###..##.# ##. ##.# .# .# ..
.# '# .#


oo You could see a jelly, an orc priest and an orc.

Vanquished Creatures
  A hippogriff (D:5)
  A hungry ghost (D:4)
  A black bear (D:5)
  2 ogres
  A centaur (D:5)
  2 giant frogs
  2 scorpions (D:5)
  A water moccasin skeleton (D:4)
  2 wights (Ossuary)
  A crimson imp (D:2)
  3 orc wizards
  A giant frog skeleton (D:6)
  2 orc priests
  A hound (D:5)
  A worker ant zombie (D:5)
  3 gnolls
  5 adders
  A shadow imp (D:5)
  3 oozes (Sewer)
  An adder zombie (D:5)
  4 worms
  3 giant geckos
  18 orcs
  11 bats
  5 giant cockroaches
  2 goblins (D:2)
  10 hobgoblins
  14 jackals
  10 kobolds
  6 quokkas
  4 ball pythons
  2 ball python skeletons (Ossuary)
  5 giant newts
  A hobgoblin skeleton (Ossuary)
  A hobgoblin zombie (Ossuary)
  A jackal skeleton (D:4)
  4 kobold zombies (Ossuary)
  30 rats
166 creatures vanquished.

Vanquished Creatures (collateral kills)
  A gnoll (D:3)
  A kobold (D:1)
  6 rats
8 creatures vanquished.

Vanquished Creatures (others)
  An ogre (D:4)
  An orc wizard (D:5)
  A gnoll (D:3)
3 creatures vanquished.

Grand Total: 177 creatures vanquished

Notes
Turn   | Place    | Note
--------------------------------------------------------------
     0 | D:1      | namelastname112 the Draconian Artificer began the quest for the Orb.
     0 | D:1      | Reached XP level 1. HP: 16/16 MP: 3/3
   116 | D:1      | Reached XP level 2. HP: 17/23 MP: 4/4
   606 | D:1      | Reached XP level 3. HP: 29/29 MP: 5/5
  1004 | D:2      | Found an iron altar of Okawaru.
  1180 | D:2      | Found a burning altar of Makhleb.
  1212 | D:2      | Reached skill level 4 in Evocations
  1212 | D:2      | Reached XP level 4. HP: 29/37 MP: 5/7
  1250 | D:2      | Reached skill level 1 in Polearms
  1571 | D:2      | Found Zin's Purification Station.
  1575 | D:2      | Found a glowing silver altar of Zin.
  1663 | D:2      | Found a shattered altar of Ashenzari.
  2306 | D:3      | Found a deep blue altar of Sif Muna.
  2452 | D:3      | Reached XP level 5. HP: 31/42 MP: 8/8
  2716 | D:3      | Found a sparkling altar of Nemelex Xobeh.
  3514 | D:4      | Found a sacrificial altar of Ru.
  3525 | D:4      | Found a staircase to the Ecumenical Temple.
  3534 | Temple   | Entered the Ecumenical Temple
  3593 | D:4      | Found a sand-covered staircase.
  3598 | Ossuary  | Entered an ossuary
  3783 | Ossuary  | Reached XP level 6. HP: 32/51 MP: 9/9
  3930 | Ossuary  | Noticed a wraith
  3930 | Ossuary  | Noticed a flying skull
  3937 | Ossuary  | Noticed a flying skull
  3966 | Ossuary  | Noticed a flying skull
  4098 | D:4      | Found a glowing drain.
  4106 | Sewer    | Entered a sewer
  4421 | Sewer    | Reached skill level 5 in Evocations
  5131 | D:4      | Noticed Azzok's ghost (amateur DECj)
  5270 | D:4      | Noticed a hungry ghost
  5289 | D:4      | Killed a hungry ghost
  5441 | D:5      | Entered Level 5 of the Dungeon
  5455 | D:5      | Reached XP level 7. HP: 35/57 MP: 11/11
  5455 | D:5      | Your scales start taking on a glossy black colour.
  5455 | D:5      | Gained mutation: You are resistant to electric shocks. [Black Draconian growth]
  5850 | D:5      | Reached skill level 6 in Evocations
  6089 | D:5      | Found Fiheocw's Antique Weapon Boutique.
  6112 | D:5      | Bought a slimy dagger for 168 gold pieces
  6112 | D:5      | Identified the +1 dagger of Severance {antimagic, rC+ MR+} (You bought it in a shop on level 5 of the Dungeon)
  6116 | D:5      | Found Iwnot's Antique Armour Shoppe.
  6117 | D:5      | Found Pisim's Antique Weapon Emporium.
  6228 | D:5      | Found Ajysues's Jewellery Boutique.
  6281 | D:5      | Found Widemu's Food Shoppe.
  6472 | D:5      | Noticed a hippogriff
  6486 | D:5      | Killed a hippogriff
  6486 | D:5      | Reached XP level 8. HP: 36/66 MP: 12/12
  6692 | D:5      | Reached skill level 5 in Polearms
  6845 | D:6      | Found a basalt altar of Yredelemnul.
  7114 | D:6      | Reached skill level 7 in Evocations
  7128 | D:6      | Killed from afar by an orc priest

Vault maps used:
D:1:      onia_arrival_pentagram
D:2:      kennysheep_okawaru_gauntlet, zin_purify, makhleb_grotto_becter,
          ashenzari_altar_1
D:3:      nicolae_overflow_crystal_walls, nemelex_xobeh_ov_fountains_minmay,
          minmay_rats_cheesy_pizza
D:4:      hangedman_ru_absence, minmay_temple_entry_grid, first_bread,
          nicolae_ossuary_entry_false_entrances, lightli_sewer_entry_pipes
D:5:      black_bear_nest_2, serial_shops, shop, kennysheep_little_box,
          nicolae_shop_trees, shop_fountains, nicolae_shop_window_shopping
D:6:      kennysheep_mini_moat, fedhas_altar_2, lemuel_crystal_altar,
          amalloy_card_club, uniq_edmund
Temple:   temple_eino_lava_8
Sewer:    sewer_fruit_machine
Ossuary:  ossuary_due_cavern

Action                   |  1- 3 |  4- 6 |  7- 9 || total
-------------------------+-------+-------+-------++-------
Melee: Short sword       |   113 |       |       ||   113
       Trident           |    20 |    47 |       ||    67
       Spear             |       |   235 |   170 ||   405
 Abil: Breathe Lightning |       |       |     3 ||     3
Evoke: Wand              |     6 |    10 |     2 ||    18
  Use: Scroll            |       |    12 |       ||    12
       Potion            |       |     1 |       ||     1
 Stab: Sleeping          |       |    10 |     4 ||    14
       Distracted        |       |     1 |       ||     1
  Eat: Chunk             |     1 |    13 |     6 ||    20
       Fruit             |       |     1 |       ||     1
